 Dungeon Crawl Stone Soup version 0.25-a0-1024-gbfbf38f2cb (webtiles) character file.

Game seed: 9598226827651342615, levelgen mode: deterministic

405 Flugslaktarn the Chopper (level 6, -22/58 HPs)
             Began as a Naga Fighter on May 12, 2020.
             Was an Initiate of Gozag.
             Annihilated by a large abomination (24 damage)
             ... on level 2 of the Abyss.
             The game lasted 00:02:35 (4810 turns).

Flugslaktarn the Chopper (Naga Fighter)             Turns: 4810, Time: 00:02:36

Health: -22/58     AC:  7    Str: 20    XL:     6   Next: 87%
Magic:  6/6        EV:  3    Int:  8    God:    Gozag
Gold:   539        SH: 10    Dex: 11    Spells: 5/5 levels left

rFire    . . .     SeeInvis +   a - +0 war axe
rCold    . . .     Gourm    .   c - +1 kite shield
rNeg     . . .     Faith    .   g - +0 chain mail
rPois    +         Spirit   .   (no helmet)
rElec    .         Reflect  .   (no cloak)
rCorr    .         Harm     .   (no gloves)
MR       .....                  (no barding)
Stlth    ..........             (no amulet)
HPRegen  0.19/turn              (no ring)
MPRegen  0.10/turn              (no ring)

@: mighty, very slow
A: large, see invisible, deformed body, poison resistance, slowness 2, slow
metabolism 1, spit poison 1, AC +2
a: Spit Poison, Potion Petition, Call Merchant, Bribe Branch, Renounce Religion


You were on level 2 of the Abyss.
You worshipped Gozag.
Gozag was pleased with you.
You were not hungry.

You visited 1 branch of the dungeon, and saw 4 of its levels.
You visited the Abyss 1 time.

You collected 551 gold pieces.
You paid 12 gold pieces to Gozag.

Inventory:

Hand Weapons
 a - a +0 war axe (weapon)
Armour
 c - a +1 kite shield (worn)
 g - a +0 chain mail (worn)
   (You took it off Terence on level 3 of the Dungeon)
Jewellery
 f - an uncursed ring of magical power {unknown}
   (You found it on level 3 of the Dungeon)
 h - a cursed ring of attention {unknown}
   (You found it on level 4 of the Dungeon)
Scrolls
 j - a scroll of enchant armour
 x - 2 scrolls of remove curse
Potions
 n - a potion of resistance
 q - 3 potions of curing
Comestibles
 e - 5 rations


   Skills:
 + Level 4.4 Fighting
 * Level 4.9 Axes
 + Level 3.0 Armour
 + Level 3.6 Shields


You had 5 spell levels left.
You didn't know any spells.
Your spell library was empty.

Dungeon Overview and Level Annotations

Branches:
Dungeon (4/15)
 Temple: D:4-7

Altars:
Gozag
Kikubaaqudgha
Nemelex Xobeh
Sif Muna
Vehumet

Annotations:
D:4 Crazy Yiuf


Innate Abilities, Weirdness & Mutations

You cannot wear boots.
Your serpentine skin is tough. (AC +2)
You have supernaturally acute eyesight. (SInv)
Armour fits poorly on your strangely shaped body.
Your system is resistant to poisons. (rPois)
You cover ground very slowly.
You have a slow metabolism.
You can spit poison.


Message History

* * * LOW HITPOINT WARNING * * *
You are too injured to fight recklessly!
You are too injured to fight recklessly!
You are too injured to fight recklessly!
Okay, then.
You feel much better.
The large abomination barely misses you.
You feel very mighty all of a sudden. The large abomination hits you!!
* * * LOW HITPOINT WARNING * * *
Unknown command.
You hit the large abomination but do no damage.
The large abomination is moderately damaged.
The large abomination hits you.
* * * LOW HITPOINT WARNING * * *
You hit the large abomination.
The large abomination is heavily damaged.
The large abomination hits you!!
You die...
Your body crumbles into a pile of gold.

##. ...# ##.
..# ####..
...##
#...###....###
##...........
#.#....#.## ♣♣
####@.....#.
.♣ ##X#......
♣ ♣ # #
...#..... ♣♣ .
#.#.#...
......♣ ..
#####..#... ♣
###.#. ♣ ♣
#.#♣♣ ..# . ..


You could see a large abomination.

Vanquished Creatures
  A hound (D:4)
  2 orc priests (D:4)
  An orc wizard (D:4)
  A centaur skeleton (D:4)
  An iguana (D:4)
  Terence (D:3)
  3 river rats (D:4)
  5 adders
  A worm (D:2)
  2 dart slugs
  9 leopard geckos
  21 orcs
  3 giant cockroaches (D:4)
  9 goblins
  10 hobgoblins
  6 jackals
  5 quokkas
  A ball python (D:4)
  11 bats
  3 frilled lizards
  3 kobolds
  9 rats
108 creatures vanquished.

Notes
Turn   | Place    | Note
-------+----------+-------------------------------------------
     0 | D:1      | Flugslaktarn the Naga Fighter began the quest for the Orb.
     0 | D:1      | Reached XP level 1. HP: 21/21 MP: 1/1
   413 | D:1      | Reached XP level 2. HP: 23/28 MP: 2/2
   978 | D:2      | Reached XP level 3. HP: 24/34 MP: 3/3
  2073 | D:2      | Found an opulent altar of Gozag.
  2077 | D:2      | Found a radiant altar of Vehumet.
  2089 | D:2      | Reached XP level 4. HP: 42/42 MP: 4/4
  2097 | D:2      | Became a worshipper of Gozag Ym Sagoz the Greedy
  2348 | D:2      | Found a sparkling altar of Nemelex Xobeh.
  2808 | D:3      | Noticed Terence
  2814 | D:3      | Killed Terence
  2814 | D:3      | Reached XP level 5. HP: 46/50 MP: 5/5
  3404 | D:4      | Found an ancient bone altar of Kikubaaqudgha.
  3504 | D:4      | Reached XP level 6. HP: 57/57 MP: 6/6
  4374 | D:4      | Found a runed translucent door.
  4375 | D:4      | Noticed Crazy Yiuf
  4731 | D:4      | Found a shimmering blue altar of Sif Muna.
  4770 | D:4      | Cast into level 2 of the Abyss (Crazy Yiuf)
  4800 | Abyss:2  | Noticed a large abomination
  4809 | Abyss:2  | HP: 1/58 [large abomination (3)]
  4810 | Abyss:2  | Annihilated by a large abomination

Illustrated notes

Levels and vault maps discovered:
D:1:      eino_arrival_cavern_d, layout_basic
D:2:      layout_basic, chequers_temple_overflow_statue_of_worship,
          nemelex_lonely_heart_becter
D:3:      minmay_octagon_keep, layout_loops_cross, first_ration, uniq_terence
D:4:      layout_gridville, kiku_gazebo_garden_becter, lemuel_blue_sif_altar,
          portal_sewer_entry_e, minmay_misc_feat_cross, uniq_crazy_yiuf_cottage
Abyss:2:  base:
D:3

Skill      XL: |  1  2  3  4  5  6 |
---------------+-------------------+-----
Axes           | 3 4 |  4.9
Shields        | 3 |  3.6
Fighting       | 4 |  4.4
Armour         | 3 |  3.0

Action                   |  1- 3 |  4- 6 || total
-------------------------+-------+-------++-------
Melee: War axe           |   128 |   246 ||   374
 Abil: Spit Poison       |     4 |     3 ||     7
  Use: Scroll            |       |    12 ||    12
       Potion            |       |     2 ||     2
 Stab: Distracted        |       |     1 ||     1
  Eat: Chunk             |     2 |     1 ||     3
       Ration            |       |     2 ||     2
Armor: Scale mail        |    80 |    26 ||   106
       Chain mail        |       |   123 ||   123
Dodge: Dodged            |    35 |    49 ||    84
Block: Kite shield       |    80 |   164 ||   244

Table legend:
 A = Non-vault XP
 B = Vault XP
 C = Vault XP percentage of total XP
 D = Non-vault monster count
 E = Vault monster count
 F = Vault count percentage of total count
                 A         B        C        D         E       F
            +---------+---------+-------+---------+---------+-------
      Total |     472 |     107 |  18.5 |      88 |      20 |  18.5
            +---------+---------+-------+---------+---------+-------
        D:1 |      18 |       0 |   0.0 |      10 |       0 |   0.0
        D:2 |      92 |       0 |   0.0 |      29 |       0 |   0.0
        D:3 |      51 |      61 |  54.5 |      23 |      13 |  36.1
        D:4 |     311 |      46 |  12.9 |      26 |       7 |  21.2
            +---------+---------+-------+---------+---------+-------
